 Dungeon Crawl Stone Soup version 0.30-a0-782-ge64f9170bb (webtiles) character file.

Game seed: 2987230408234853228

137 mopl the Insei (level 5, -5/37 HPs)
             Began as a Djinni Transmuter on Mar 12, 2023.
             Slain by an ogre
             ... wielding a +0 giant spiked club
              (20 damage)
             ... on level 4 of the Dungeon.
             The game lasted 00:02:09 (2087 turns).

mopl the Insei (Djinni Transmuter)                  Turns: 2087, Time: 00:02:10

Health: -5/37      AC:  9    Str: 11    XL:     5   Next: 43%
Gold:   136        EV:  5    Int: 15    God:
                   SH:  0    Dex: 13

rFire   + . .      SeeInvis .    d - +1 dagger (venom)
rCold   . . .      Faith    .    (no shield)
rNeg    . . .      Spirit   .    l - +0 chain mail
rPois   ∞          Reflect  .    (no helmet)
rElec   .          Harm     .    (no cloak)
rCorr   .          Rampage  .    h - +0 pair of gloves
Will    .....                    (boots unavailable) Stlth
                                 (no amulet)
HPRegen 0.26/turn                s - ring of ice
MPRegen 0.00/turn                (no ring)

@: flying, very slightly contaminated
A: sickness immunity, fire resistance 2, cold vulnerability 1, float, innate
caster, HP casting, extra vitality 1
a: no special abilities


You were on level 4 of the Dungeon.
You visited 1 branch of the dungeon, and saw 4 of its levels.

You collected 136 gold pieces.

Inventory:

Hand Weapons
 d - a +1 dagger of venom (weapon)
Missiles
 k - 4 poisoned darts
Armour
 a - a +0 robe
 h - a +0 pair of gloves (worn)
 l - a +0 chain mail (worn)
Jewellery
 s - a ring of ice (left hand)
Scrolls
 c - 3 scrolls of noise {unknown}
 e - a scroll of magic mapping {unknown}
 f - a scroll of immolation
 i - a scroll of teleportation {unknown}
 j - a scroll of enchant armour {unknown}
 n - 2 scrolls of enchant weapon {unknown}
 p - a scroll of butterflies {unknown}
 q - a scroll of fear {unknown}
Potions
 b - a potion of lignification {!q}
 g - 2 potions of flight {unknown}
 m - 2 potions of degeneration {unknown}
 o - a potion of magic {unknown}
 r - a potion of heal wounds {unknown}


   Skills:
 - Level 1.0 Fighting
 - Level 2.1 Dodging
 * Level 5.0 Unarmed Combat
 + Level 2.5 Spellcasting


You couldn't memorise any spells.
You knew the following spells:

 Your Spells              Type           Power      Damage    Failure   Level
a - Beastly Appendage     Tmut           18%        N/A       99%         1
b - Spider Form           Tmut/Pois      9%         N/A       100%        3
c - Foxfire               Conj/Fire      36%        2x1d5     99%         1
d - Ice Form              Ice/Tmut       14%        N/A       100%        4
p - Passwall              Tmut/Erth      7%         N/A       100%        2
w - Wereblood             Tmut           9%         N/A       100%        2
Your spell library was empty.


Dungeon Overview and Level Annotations

Branches:
Dungeon (4/15)
 Temple: D:4-7

Altars:
Okawaru
Trog


Innate Abilities, Weirdness & Mutations

You are immune to sickness and miasma.
You are immune to poison.
Your flesh is very heat resistant. (rF++)
You are vulnerable to cold. (rC-)
You float through the air rather than walking.
You learn spells naturally, not from books.
Your magical power is your life essence.
You have superior vitality. (+4 MHP)


Message History

No target in view!
Done exploring.
Done exploring.
(D) Dungeon
Where to? (Enter - D:3, ? - help)
What level of the Dungeon? (default 1, ? - help)
There is a stone staircase leading up here.
There is a stone staircase leading down here.
You fly downwards.
Found a club.
There is a stone staircase leading up here.
Found 6 stones.
You see here 6 stones.
Found a ring mail.
No target in view!
Found 6 stones.
An ogre comes into view. It is wielding a +0 giant spiked club.
The ogre shouts!
You miscast Beastly Appendage.
You are very lightly contaminated with residual magic.
Nothing appears to happen.
You miscast Beastly Appendage.
Nothing appears to happen.
You hit the ogre but do no damage.
The ogre is poisoned.
The ogre hits you with a +0 giant spiked club!
You hit the ogre.
The ogre looks as sick as possible!
The ogre is lightly wounded.
You barely miss the ogre.
The ogre is lightly wounded.
The ogre hits you with a +0 giant spiked club.
You hit the ogre.
The ogre looks as sick as possible!
The ogre is lightly wounded.
The ogre hits you with a +0 giant spiked club.
You are too injured to fight recklessly!
You are too injured to fight recklessly!
You completely miss the ogre.
The ogre is lightly wounded.
The ogre attacks as you move away!
The ogre hits you with a +0 giant spiked club!!
Ouch! That really hurt!
You die...

.......... ...!.......#
.....##....###
...........#.# .
.............## ..
#.(........(.## #### ...
#...........####<)## ....
#......#.......#...#
.....#.?.@..#...........#
........O....#...#.....##
.................#..####
................#####
............#####
............#
#.............
#....#.........
.....#.....#...


You could see an ogre (extremely poisoned).

Vanquished Creatures
  An orc wizard (D:2)
  5 adders
  A worm (D:3)
  2 dart slugs
  4 orcs
  8 bats
  An endoplasm (D:1)
  A giant cockroach (D:3)
  5 goblins
  8 hobgoblins
  2 jackals (D:3)
  3 quokkas
  5 ball pythons
  3 frilled lizards (D:1)
  3 kobolds
  5 rats
57 creatures vanquished.

Notes
Turn   | Place    | Note
-------+----------+-------------------------------------------
     0 | D:1      | mopl the Djinni Transmuter began the quest for the Orb.
     0 | D:1      | mopl set off with the following spells memorised: Beastly
                  | Appendage, Wereblood, Spider Form, Ice Form.
     0 | D:1      | Reached XP level 1. HP: 17/17 MP: 0/0
   116 | D:1      | Found a faded altar of an unknown god.
   148 | D:1      | Reached XP level 2. HP: 8/22 MP: 0/0
   456 | D:1      | Reached XP level 3. HP: 22/27 MP: 0/0
   456 | D:1      | Learned a level 1 spell: Foxfire
   628 | D:1      | Reached skill level 2 in Spellcasting
   744 | D:2      | Reached skill level 4 in Unarmed Combat
   854 | D:2      | Reached XP level 4. HP: 32/32 MP: 0/0
  1447 | D:3      | Reached XP level 5. HP: 35/37 MP: 0/0
  1447 | D:3      | Learned a level 2 spell: Passwall
  1629 | D:3      | Found a faded altar of an unknown god.
  1639 | D:3      | Found an iron altar of Okawaru.
  1714 | D:3      | Found a bloodstained altar of Trog.
  1765 | D:3      | Reached skill level 5 in Unarmed Combat
  1907 | D:3      | Found the +8 demon blade "Leech" {evervamp, Harm Drain rN+}
  2075 | D:4      | Noticed an ogre
  2087 | D:4      | Slain by an ogre

Illustrated notes

Levels and vault maps discovered:
D:1:      ncdulo_smallfort, layout_loops_cross,
          hellmonk_ecumenical_altar_blasted
D:2:      layout_basic
D:3:      layout_loops_cross, trog_book, nicolae_overflow_ecumenical_swirl
D:4:      layout_cave_pools, nicolae_overflow_crystal_walls

Skill      XL: |  1  2  3  4  5 |
---------------+----------------+-----
Spellcasting   | 2 |  2.5
Unarmed Combat | 4 5 |  5.0
Fighting       | |  1.0
Dodging        | |  2.1

Action                     |  1- 3 |  4- 6 || total
---------------------------+-------+-------++-------
  Melee: Dagger            |    74 |   105 ||   179
         Unarmed           |     3 |       ||     3
         Punch             |     2 |     2 ||     4
 Armour: Robe              |    11 |       ||    11
         Chain mail        |    13 |    72 ||    85
  Dodge: Dodged            |    45 |    27 ||    72

Table legend: (Time is in decaauts)
 A = Elapsed time spent in this place.
 B = Non-inter-level travel time spent in this place.
 C = Inter-level travel time spent in this place.
 D = Time resting spent in this place.
 E = Time spent auto-exploring this place.
 F = Levels seen in this place.
 G = Mean time per level.
                   A        B        C        D        E       F      G
               +--------+--------+--------+--------+--------+-----+--------+
         Total |   2085 |   2015 |     70 |     55 |   1518 |   4 |  521.2 |
       Dungeon |   2085 |   2015 |     70 |     55 |   1518 |   4 |  521.2 |
               +--------+--------+--------+--------+--------+-----+--------+

Top non-repeatable levels by time:
     D:1: 726 daAuts
     D:2: 706 daAuts
     D:3: 623 daAuts
     D:4: 28 daAuts
